 Dungeon Crawl Stone Soup version 0.17.1-3-g152610e (webtiles) character file.

71 Hoebsumo the Sneak (level 4, -12/21 HPs)
             Began as a Spriggan Enchanter on Mar 22, 2016.
             Killed by divine providence
             ... invoked by an orc priest
              (14 damage)
             ... on level 3 of the Dungeon on Mar 27, 2016.
             The game lasted 00:13:23 (1406 turns).

Hoebsumo the Sneak (Spriggan Enchanter)             Turns: 1406, Time: 00:13:23

Health: -12/21     AC:  8    Str:  4    XL:     4   Next: 5%
Magic:  5/9        EV: 18    Int: 16    God:
Gold:   86         SH:  0    Dex: 17    Spells: 2 memorised, 5 levels left

rFire  . . .     SeeInvis +     k - +2 dagger (protect)
rCold  . . .     Clarity  .     b - +1 robe
rNeg   . . .     SustAt   .     (shield restricted)
rPois  .         Gourm    .     (helmet restricted)
rElec  .         Spirit   .     (no cloak)
rCorr  .         Warding  .     (gloves unavailable)
rMut   .         Rnd*Tele +     (boots unavailable)
MR     .....                    (no amulet)
Stlth  ++++......               (no ring)
                                f - ring of teleportation (curse)

@: very quick, not resistant to hostile enchantments, stealthy
A: unfitting armour, see invisible, herbivore 3, speed 3, slow metabolism 2
a: Evoke Teleportation


You were on level 3 of the Dungeon.
You were not hungry.

You visited 1 branch of the dungeon, and saw 3 of its levels.

You collected 86 gold pieces.

Inventory:

Hand Weapons
 a - a +1 dagger
 g - a +1 dagger of protection
 k - a +2 dagger of protection (weapon)
Armour
 b - a +1 robe (worn)
Jewellery
 f - a cursed ring of teleportation (left hand)
Scrolls
 i - a scroll of identify
Potions
 j - a potion of curing
Books
 c - a book of Maledictions

   Spells                             Type                      Level
   a - Corona                         Hexes                        1
   b - Ensorcelled Hibernation        Hexes/Ice                    2
   c - Confuse                        Hexes                        3
   d - Tukima's Dance                 Hexes                        3
   e - Dazzling Spray                 Conjuration/Hexes            3
Comestibles
 d - a bread ration


   Skills:
 + Level 3.1 Short Blades
 - Level 3.0 Dodging
 + Level 6.1 Stealth
 - Level 2.6 Spellcasting
 - Level 3.6 Hexes


You had 5 spell levels left.
You knew the following spells:

 Your Spells              Type           Power        Failure   Level  Hunger
a - Corona                Hex            ##.....      6%          1    #......
b - Ensorcelled Hibernat  Hex/Ice        #.....       17%         2    ##.....


Dungeon Overview and Level Annotations

Branches:
Dungeon (3/15)

Altars:


Innate Abilities, Weirdness & Mutations

You are tiny and cannot use many weapons and most armour.
You have supernaturally acute eyesight.
You are a herbivore.
You cover ground extremely quickly.
You need consume almost no food.


Message History

You are too injured to fight recklessly!
You are too injured to fight recklessly!
You are too injured to fight recklessly!
Things that are here:
an enchanted whip; a leather armour You barely miss the orc.
The orc closely misses you.
You hit the orc.
The orc is severely wounded.
The orc priest barely misses you. The orc hits you but does no damage.
You hit the orc.
The orc is almost dead.
The orc priest invokes the aid of Beogh against you.
Pain shoots through your body!
* * * LOW HITPOINT WARNING * * *
You hit the orc.
You kill the orc!
The orc priest mumbles some strange prayers to Beogh against you.
Something smites you!
Ouch! That really hurt!
You die... ... ##<......... ....##........##.. ................# . ...## #######.....###.# oo...

...........# .# .o...
######......# # .....
#<# #......#
..og.###.####.##)##....
?....#.....##. #@# ....
#.#..#.#....#'##o# o..
#......##.......o# ..
####...o.........#
####..........'
#.........##
#....###### ######


You could see an orc priest and an orc wizard.

Vanquished Creatures
  2 adders (D:2)
  A worm (D:2)
  6 orcs (D:3)
  8 bats
  7 hobgoblins
  4 kobolds
  2 giant newts (D:2)
  11 goblins
  3 rats
44 creatures vanquished.

Notes
Turn   | Place    | Note
--------------------------------------------------------------
     0 | D:1      | Hoebsumo the Spriggan Enchanter began the quest for the Orb.
     0 | D:1      | Reached XP level 1. HP: 9/9 MP: 5/5
   249 | D:1      | Reached XP level 2. HP: 13/13 MP: 6/6
   309 | D:2      | Learned a level 2 spell: Ensorcelled Hibernation
   319 | D:2      | Reached skill level 5 in Stealth
   458 | D:2      | Found a faded altar to an unknown god.
   517 | D:2      | Reached XP level 3. HP: 16/16 MP: 8/8
   662 | D:2      | Noticed an ice beast
  1098 | D:3      | Reached skill level 6 in Stealth
  1395 | D:3      | Reached XP level 4. HP: 19/21 MP: 6/9
  1406 | D:3      | Killed from afar by an orc priest

Action                   |  1- 3 |  4- 6 || total
-------------------------+-------+-------++-------
Melee: Dagger            |   135 |     7 ||   142
 Cast: Ensorcelled Hiber |    10 |     1 ||    11
  Use: Scroll            |     4 |       ||     4
 Stab: Sleeping          |    13 |     1 ||    14
       Distracted        |     1 |       ||     1
